 Dungeon Crawl Stone Soup version 0.30-a0-765-g3161bf10a1 (webtiles) character file.

Game seed: 7522405608672703523

68885 BRD the Cleaver (level 14, -7/120 HPs)
             Began as a Demonspawn Gladiator on Feb 12, 2023.
             Was an Initiate of Gozag.
             Mangled by Donald
             ... wielding a +0 double sword of holy wrath
              (28 damage)
             ... on level 2 of the Lair of Beasts.
             The game lasted 01:39:50 (33019 turns).

BRD the Cleaver (Demonspawn Gladiator)             Turns: 33019, Time: 01:39:50

Health: -7/120     AC: 25    Str: 14    XL:     14   Next: 88%
Magic:  14/14      EV:  8    Int: 18    God:    Gozag
Gold:   4250       SH: 10    Dex: 15    Spells: 13/13 levels left

rFire   + + +      SeeInvis .    y - +5 war axe
rCold   + . .      Faith    .    A - +0 kite shield
rNeg    . . .      Spirit   .    T - +4 chain mail {rC+}
rPois   +          Reflect  .    c - +0 helmet
rElec   +          Harm     .    K - +0 cloak
rCorr   .          Rampage  .    M - +0 pair of gloves
Will    ++...                    w - +1 pair of boots {Fly} Stlth
                                 (no amulet)
HPRegen 0.40/turn                l - ring "Faemegu" {rElec rF+++ Will+ Int+3}
MPRegen 0.14/turn                z - ring of poison resistance

@: mighty, flying
A: rugged brown scales 2, demonic guardian 3, foul stench 1, demonic touch 1
a: Renounce Religion, Potion Petition, Call Merchant, Bribe Branch


You were on level 2 of the Lair of Beasts.
You worshipped Gozag.
Gozag was most pleased with you.
You visited 5 branches of the dungeon, and saw 19 of its levels.
You also visited: Bailey, Gauntlet and Ice Cave.

You collected 6392 gold pieces.
You spent 1548 gold pieces at shops.
You paid 594 gold pieces to Gozag.

Inventory:

Hand Weapons
 s - a +0 battleaxe of electrocution
 y - a +5 war axe (weapon)
 P - the +2 hand axe "Mifuf" {antimagic, rCorr}
   (You found it in a Gauntlet)

   rCorr:     It protects you from acid and corrosion.
Missiles
 a - 6 silver javelins
 p - 19 poisoned darts (quivered)
 U - 2 datura-tipped darts
Armour
 c - a +0 helmet (worn)
 q - a +0 tower shield of cold resistance
 w - a +1 pair of boots of flying (worn)
 A - a +0 kite shield (worn)
 K - a +0 cloak (worn)
 M - a +0 pair of gloves (worn)
 T - a +4 chain mail of cold resistance (worn)
 V - the +3 salamander hide armour {Flames, rFlCloud rF++ rC--}
   (You found it in a Gauntlet)

   Flames:    It surrounds you with flame clouds and enhances your fire magic.
   rFlCloud:  It grants immunity to flame clouds.
   rF:        It greatly protects you from fire.
   rC:        It makes you very vulnerable to cold.
Jewellery
 b - a ring of flight
 h - a ring of see invisible
 j - a ring of wizardry
 l - the ring "Faemegu" (left hand) {rElec rF+++ Will+ Int+3}
   (You found it in a Gauntlet)

   [ring of willpower]

   Int:       It affects your intelligence (+3).
   rF:        It renders you almost immune to fire.
   rElec:     It insulates you from electricity.
   Will:      It increases your willpower.
 z - a ring of poison resistance (right hand)
 J - a ring of resist corrosion
Wands
 v - a wand of digging (13)
Scrolls
 d - a scroll of blinking
 f - a scroll of fog
 g - 5 scrolls of teleportation
 n - 3 scrolls of fear
 o - 3 scrolls of vulnerability
 t - a scroll of silence
 E - a scroll of torment
 G - 5 scrolls of poison
Potions
 e - 5 potions of brilliance
 i - 4 potions of flight
 k - 2 potions of mutation
 m - a potion of ambrosia
 u - 2 potions of might
 D - 5 potions of cancellation
 H - a potion of magic
 I - 4 potions of curing
Miscellaneous
 B - a lightning rod (1/4)
 C - a phial of floods (inert)
 L - a piece from Xom's chessboard (15/15)
 Q - a phantom mirror (inert)


   Skills:
 - Level 12.0 Fighting
 + Level 13.0 Axes
 - Level 5.0 Throwing
 + Level 11.0 Armour
 + Level 9.2 Dodging
 + Level 7.1 Shields
 + Level 9.2 Evocations


You had 13 spell levels left.
You didn't know any spells.
Your spell library contained the following spells:

 Spells                   Type           Power      Damage    Failure   Level
 Freeze                   Ice            0%         1d3       100%        1
 Kiss of Death            Conj/Necr      0%         2d5       100%        1
 Sting                    Tmut/Pois      0%         1d3       100%        1
 Blink                    Tloc           0%         N/A       100%        2
 Ensorcelled Hibernation  Hex/Ice        0%         N/A       100%        2
 Lesser Beckoning         Tloc           0%         N/A       100%        2
 Momentum Strike          Conj/Tloc      0%         3d8       100%        2
 Passwall                 Tmut/Erth      0%         N/A       100%        2
 Poisonous Vapours        Pois/Air       0%         N/A       100%        2
 Scorch                   Fire           0%         2d5       100%        2
 Confusing Touch          Hex            0%         N/A       100%        3
 Frozen Ramparts          Ice            0%         1d1       100%        3
 Hailstorm                Conj/Ice       0%         3d3       100%        3
 Ozocubu's Armour         Ice            0%         N/A       100%        3
 Swiftness                Air            0%         N/A       100%        3
 Tukima's Dance           Hex            0%         N/A       100%        3
 Dispel Undead            Necr           0%         3d6       100%        4
 Flame Wave               Conj/Fire      0%         2d4       100%        4
 Olgreb's Toxic Radiance  Pois           0%         N/A       100%        4
 Passage of Golubria      Tloc           0%         N/A       100%        4
 Summon Ice Beast         Ice/Summ       0%         N/A       100%        4
 Blade Hands              Tmut           0%         N/A       100%        5
 Freezing Cloud           Conj/Ice/Air   0%         6-21      100%        5
 Irradiate                Conj/Tmut      0%         3d11      100%        5
 Metabolic Englaciation   Hex/Ice        0%         N/A       100%        5
 Yara's Violent Unravell  Hex/Tmut       0%         3d3       100%        5
 Summon Cactus Giant      Summ           0%         N/A       100%        6
 Dragon Form              Tmut           0%         N/A       100%        7
 Ozocubu's Refrigeration  Ice            0%         4d7       100%        7
 Simulacrum               Ice/Necr       Unusable   N/A       N/A         6

Dungeon Overview and Level Annotations

Branches:
Dungeon (10/15)            Temple (1/1) D:7            Lair (5/5) D:10
 Shoals (1/4) Lair:2        Snake (0/4) Lair:3        Slime (0/5) Lair:4
    Orc (2/2) D:9             Elf (0/3) Orc:2        Bailey (visited)
  IceCv (visited)         Gauntlet (visited)

Altars:
Ashenzari
Cheibriados
Dithmenos
Fedhas
Gozag
Hepliaklqana
Kikubaaqudgha
Makhleb
Nemelex Xobeh
Okawaru
Qazlal
Ru
Sif Muna
Trog
Uskayaw
Vehumet
Wu Jian
Xom
Yredelemnul
Jiyva

Shops:
D:7 :   Orc:1 :[*!   Orc:2 **?*   Lair:2 [

Annotations:
Lair:2 Donald
Lair:4 1 runed translucent door


Innate Abilities, Weirdness & Mutations

You are mostly covered in rugged brown scales. (AC +2, +5% HP)
A powerful demonic guardian rushes to your aid.
You may rarely emit foul miasma when damaged in melee.
Your touch may inflict minor irresistible damage on your foes.


Message History

The thunderbolt hits Donald.
Donald is lightly wounded.
Okay, then.
Aiming: Thunderbolt
Press: ? - help, Shift-Dir - straight line, f/p - Donald
Aim: Donald, wielding a +0 double sword of holy wrath, wearing a +0 chain mail and wearing a +0 kite shield of reflection (lightly wounded, fast, strong, reflecting blocked projectiles)
The thunderbolt hits the harpy!!
The harpy is almost dead.
The thunderbolt hits Donald!!
Donald is moderately wounded.
The harpy looks more healthy.
The harpy closely misses you. The harpy claws you.
* * * LOW HITPOINT WARNING * * *
A demonic guardian appears!
Okay, then.
Press: ? - help, v - describe, . - travel The floor.
Unknown command.
As you read the scroll of fear, it crumbles to dust.
You assume a fearsome visage.
The harpy looks frightened!
Donald looks frightened!
Aiming: Thunderbolt
Press: ? - help, Shift-Dir - straight line, f/p - Donald
Aim: Donald, wielding a +0 double sword of holy wrath, wearing a +0 chain mail and wearing a +0 kite shield of reflection (moderately wounded, fast, strong, fleeing, reflecting blocked projectiles)
The thunderbolt hits Donald!
Donald is heavily wounded.
Your attack snaps Donald out of his fear.
The thunderbolt hits the plant!
The plant begins to die.
The plant is lightly damaged.
The thunderbolt hits the plant!
The plant begins to die.
The plant is lightly damaged.
Press: ? - help, v - describe, . - travel
Here: Donald, wielding a +0 double sword of holy wrath, wearing a +0 chain mail and wearing a +0 kite shield of reflection (heavily wounded, fast, strong, reflecting blocked projectiles)
The floor.
As you read the scroll of fear, it crumbles to dust.
You assume a fearsome visage.
Donald resists with some effort.
Donald says, "And you think you've got it bad..."
Donald hits you with a +0 double sword of holy wrath!!
You die...
Your body crumbles into a pile of gold.

###.....#####.#####P#...PP..P...#
#P............## #.....P....PP...
#..........<...###...P....P......
........#...#..#........P.P...P..
...###.##...###?##.P.P..~~.PP....
...# ######.#
#####..3.P~ยง~PP.P..
.#.####.8.#####.##.2.P..P.~H.....
.###.#.....#.....................
####.#8.<.8.....@@..PP.PP........
#...#...............P.........#.
##...##...####.#.###.............
#...##....## ##### ##...PP...^...
...#.#.....### ######P#..........
.###.........###....###.......##.
#......#.......#.....###....#.##.
.....##...#..#...#..## #.....###.
.............#...#...####P...##..


You could see Donald (fast, strong, reflecting), a friendly lorocyproca
(summoned, invisible) and a friendly smoke demon (summoned).

Vanquished Creatures
  Saint Roka (Orc:1)
  Josephine (Lair:4)
  2 hydras (Lair:5)
  3 boulder beetles
  2 catoblepae (Lair:5)
  2 two-headed ogres (D:9)
  10 death yaks (Lair:5)
  An orc high priest (Orc:1)
  A skyshark (Lair:3)
  4 orc knights
  A lindwurm (Lair:5)
  3 deep elf pyromancers (Orc:1)
  4 deep elf zephyrmancers (Orc:1)
  An oklob plant (Lair:2)
  3 orc sorcerers (Orc:1)
  2 black mambas
  Joseph (D:9)
  Maurice (D:10)
  5 elephants
  12 cane toads
  2 ice statues (IceCv)
  7 komodo dragons
  5 ice devils (IceCv)
  2 anaconda simulacra (IceCv)
  A troll (Orc:1)
  3 polar bears
  2 hornets (D:9)
  A raiju (Gauntlet)
  A wind drake (Shoals:1)
  Sigmund (D:3)
  4 wyverns
  2 dire elephant simulacra (IceCv)
  3 fire bats (Gauntlet)
  56 yaks
  4 wraiths (Lair:4)
  2 basilisks
  A death yak simulacrum (IceCv)
  3 steam dragons
  3 wargs
  2 nagas (Lair:3)
  An acid dragon (D:8)
  4 hydra simulacra (IceCv)
  13 water moccasins
  6 black bears
  2 sky beasts (D:7)
  44 orc warriors
  3 ice beasts
  3 ogres
  9 wolves
  A phantom (D:4)
  14 centaurs
  A kobold brigand (D:7)
  7 bullfrogs
  3 scorpions
  2 necrophages
  A cane toad simulacrum (IceCv)
  7 wights
  3 killer bees (D:10)
  An elephant simulacrum (IceCv)
  2 howler monkeys (D:8)
  2 electric eels
  A jelly (D:5)
  3 hounds
  12 orc priests
  15 orc wizards
  5 iguanas (D:5)
  A spriggan simulacrum (IceCv)
  6 gnolls
  7 adders
  A naga simulacrum (IceCv)
  A shadow imp (D:6)
  3 white imps
  An ufetubus (D:4)
  2 worms (D:2)
  A dart slug (D:4)
  67 orcs
  3 bats
  8 endoplasms
  A giant cockroach (D:3)
  19 goblins
  3 hobgoblins
  A jackal (D:4)
  5 quokkas
  11 ball pythons
  2 frilled lizards
  21 kobolds
  4 rats
498 creatures vanquished.

Vanquished Creatures (collateral kills)
  An orc warlord (Orc:1)
  A minotaur (Gauntlet)
  A green death (Gauntlet)
  A hydra (Lair:5)
  2 two-headed ogres
  A deep troll shaman (Lair:5)
  A fire crab (Gauntlet)
  An orc knight (Orc:1)
  2 deep elf zephyrmancers (Orc:1)
  2 black mambas (Lair:5)
  3 elephants (Lair:2)
  An orange demon (Gauntlet)
  2 rime drakes
  A komodo dragon (Lair:5)
  2 ice devils (IceCv)
  A polar bear (Lair:4)
  A dire elephant simulacrum (IceCv)
  4 yaks
  A fire bat (Gauntlet)
  Eustachio (D:4)
  2 basilisks
  A harpy simulacrum (IceCv)
  An orc warrior (Orc:1)
  An ice beast (D:5)
  An ogre (D:4)
  A centaur (D:5)
  A phantom (D:4)
  A scorpion (D:4)
  A wight (D:9)
  3 electric eels (D:8)
  2 orc priests (Orc:1)
  2 gnolls (D:3)
  An adder (D:3)
  2 worms
  2 dart slugs (D:4)
  11 orcs
  2 ball pythons (D:3)
  An endoplasm (D:2)
  A hobgoblin (D:4)
  A goblin (D:9)
  2 kobolds
70 creatures vanquished.

Vanquished Creatures (others)
  A deep elf zephyrmancer (Orc:1)
  An orc wizard (Orc:2)
  An orc (Orc:2)
  A bush (Lair:3)
  51 fungi
  69 plants
124 creatures vanquished.

Grand Total: 692 creatures vanquished

Notes
Turn   | Place    | Note
-------+----------+-------------------------------------------
     0 | D:1      | BRD the Demonspawn Gladiator began the quest for the Orb.
     0 | D:1      | Reached XP level 1. HP: 16/16 MP: 1/1
    31 | D:1      | Found a faded altar of an unknown god.
   477 | D:1      | Gained mutation: You are partially covered in rugged brown
                  | scales. (AC +1, +3% HP) [demonic ancestry]
   477 | D:1      | Reached XP level 2. HP: 12/22 MP: 2/2
  1050 | D:2      | Reached skill level 3 in Axes
  1090 | D:2      | Gained mutation: A weak demonic guardian rushes to your
                  | aid. [demonic ancestry]
  1090 | D:2      | Reached XP level 3. HP: 22/28 MP: 3/3
  1461 | D:2      | Gained mutation: A demonic guardian rushes to your aid.
                  | [demonic ancestry]
  1461 | D:2      | Reached XP level 4. HP: 30/35 MP: 4/4
  2365 | D:3      | Gained mutation: A powerful demonic guardian rushes to your
                  | aid. [demonic ancestry]
  2365 | D:3      | Reached XP level 5. HP: 20/42 MP: 5/5
  2529 | D:3      | Noticed Sigmund
  2540 | D:3      | Killed Sigmund
  2541 | D:3      | Reached skill level 4 in Axes
  2541 | D:3      | Gained mutation: You are mostly covered in rugged brown
                  | scales. (AC +2, +5% HP) [demonic ancestry]
  2541 | D:3      | Reached XP level 6. HP: 35/50 MP: 6/6
  2680 | D:3      | Identified the +0 trident "Hiadd" {flame, *Noise rN+ Str+2}
  2903 | D:4      | Reached skill level 1 in Armour
  3098 | D:4      | Noticed Eustachio
  3116 | D:4      | Killed Eustachio
  3117 | D:4      | Gained mutation: You may rarely emit foul miasma when
                  | damaged in melee. [demonic ancestry]
  3117 | D:4      | Reached XP level 7. HP: 39/57 MP: 7/7
  3383 | D:4      | Reached skill level 5 in Fighting
  3383 | D:4      | Reached skill level 5 in Axes
  3383 | D:4      | Reached skill level 5 in Dodging
  3807 | D:4      | Noticed a steam dragon
  3819 | D:4      | Killed a steam dragon
  4047 | D:5      | Entered Level 5 of the Dungeon
  4092 | D:5      | Reached XP level 8. HP: 21/66 MP: 8/8
  4432 | D:5      | Reached skill level 1 in Evocations
  5134 | D:5      | Found an opulent altar of Gozag.
  5140 | D:5      | Became a worshipper of Gozag Ym Sagoz the Greedy
  5277 | D:5      | Reached skill level 6 in Axes
  5864 | D:6      | Got the Compilation of Cold
  6031 | D:6      | Gained mutation: Your touch may inflict minor irresistible
                  | damage on your foes. [demonic ancestry]
  6031 | D:6      | Reached XP level 9. HP: 55/74 MP: 9/9
  6053 | D:6      | Reached skill level 1 in Shields
  6865 | D:7      | Found Ziol's Book Boutique.
  6957 | D:7      | Found a stormy altar of Qazlal.
  6981 | D:7      | Found a staircase to the Ecumenical Temple.
  6990 | Temple   | Entered the Ecumenical Temple
  7472 | D:7      | Found a hazy altar of Hepliaklqana.
  7491 | D:7      | Reached skill level 5 in Armour
  7686 | D:7      | Found an iron altar of Okawaru.
  8175 | D:8      | Reached skill level 7 in Axes
  9242 | D:9      | Found a flagged portal.
  9248 | D:9      | Noticed a two-headed ogre
  9250 | D:9      | Reached skill level 5 in Evocations
  9272 | D:9      | Killed a two-headed ogre
  9273 | D:9      | Reached XP level 10. HP: 60/84 MP: 10/10
  9299 | Bailey   | Entered a bailey
  9742 | Bailey   | Identified the +1 leather armour of the Land of Plenty {rC-
                  | rN+ Dex+6}
 10000 | D:9      | Found a shimmering blue altar of Sif Muna.
 10009 | D:9      | Noticed Joseph
 10018 | D:9      | Noticed a two-headed ogre
 10025 | D:9      | Killed Joseph
 10030 | D:9      | Killed a two-headed ogre
 10031 | D:9      | Reached skill level 8 in Axes
 10257 | D:9      | Reached skill level 5 in Shields
 10470 | D:9      | Identified the +1 ring mail of the Guilds {-Cast Harm Will+
                  | Str+2}
 10641 | D:9      | Found a staircase to the Orcish Mines.
 10830 | D:9      | Found an ancient bone altar of Kikubaaqudgha.
 11389 | D:10     | Entered Level 10 of the Dungeon
 11641 | D:10     | Noticed Maurice
 11653 | D:10     | Killed Maurice
 11818 | D:10     | Reached XP level 11. HP: 84/93 MP: 11/11
 11979 | D:10     | Found a staircase to the Lair.
 12342 | D:10     | Noticed a two-headed ogre
 12355 | D:10     | Killed a two-headed ogre
 12356 | D:10     | Reached skill level 9 in Axes
 12685 | Lair:1   | Entered Level 1 of the Lair of Beasts
 12734 | Lair:1   | Found a gate leading to a gauntlet.
 12743 | Gauntlet | Entered a Gauntlet
 12743 | Gauntlet | Noticed a shining eye
 12743 | Gauntlet | Found a transporter.
 12743 | Gauntlet | Found a transporter.
 12762 | Gauntlet | Found a transporter.
 12763 | Gauntlet | Found a transporter.
 12771 | Gauntlet | Found a transporter.
 12774 | Gauntlet | Found a transporter.
 12779 | Gauntlet | Noticed a green death
 12782 | Gauntlet | Found a transporter.
 12800 | Gauntlet | Found a runed translucent door.
 12801 | Gauntlet | Found a transporter.
 12801 | Gauntlet | Noticed a hell hog
 12802 | Gauntlet | Found a runed translucent door.
 12818 | Gauntlet | Found a transporter.
 12822 | Gauntlet | Found a transporter.
 12830 | Gauntlet | Found a transporter.
 12831 | Gauntlet | Noticed a death scarab
 12834 | Gauntlet | Found a transporter.
 12834 | Gauntlet | Noticed a fire crab
 12954 | Gauntlet | Killed a fire crab
 12955 | Gauntlet | Identified the +2 hand axe "Mifuf" {antimagic, rCorr}
 13381 | Gauntlet | Killed a green death
 13382 | Gauntlet | Reached skill level 10 in Fighting
 13390 | Gauntlet | Identified the ring "Faemegu" {rElec rF+++ Will+ Int+3}
 13560 | Gauntlet | Noticed a minotaur
 13581 | Gauntlet | Killed a minotaur
 13774 | Gauntlet | Found the +3 salamander hide armour {Flames, rFlCloud rF++
                  | rC--}
 14563 | Lair:1   | Reached skill level 10 in Axes
 15246 | Lair:1   | Reached XP level 12. HP: 90/101 MP: 12/12
 16015 | Lair:2   | Found a staircase to the Shoals.
 16376 | Lair:2   | Reached skill level 11 in Axes
 17760 | Lair:3   | Noticed a boulder beetle
 17868 | Lair:3   | Killed a boulder beetle
 18066 | Lair:3   | Identified the +1 leather armour "Qurohuoq" {Will+ Dex+3}
 18184 | Lair:3   | Found a staircase to the Snake Pit.
 18934 | Lair:4   | Found a frozen archway.
 19024 | IceCv    | Entered an ice cave
 19317 | IceCv    | HP: 2/103 [ice devil (8)]
 20150 | IceCv    | Reached XP level 13. HP: 90/111 MP: 13/13
 21548 | IceCv    | Noticed a reaper
 21651 | IceCv    | Got the Enchiridion on Chilblains
 22210 | Lair:4   | Found a runed translucent door.
 22211 | Lair:4   | Found a viscous altar of Jiyva.
 22212 | Lair:4   | Found a staircase to the Slime Pits.
 22212 | Lair:4   | Noticed an acid blob
 22494 | Lair:4   | Noticed Josephine
 22508 | Lair:4   | Killed Josephine
 23142 | Lair:5   | Entered Level 5 of the Lair of Beasts
 23355 | Lair:5   | Found a broken altar of Ashenzari.
 23852 | Lair:5   | Reached skill level 12 in Axes
 25251 | Lair:5   | Reached skill level 10 in Armour
 25259 | Lair:5   | Reached XP level 14. HP: 115/119 MP: 14/14
 26982 | Orc:1    | Entered Level 1 of the Orcish Mines
 27043 | Orc:1    | Found Jigul's Distillery.
 27196 | Orc:1    | Bought a potion of haste for 130 gold pieces
 27196 | Orc:1    | Bought a potion of curing for 39 gold pieces
 27196 | Orc:1    | Bought a potion of curing for 39 gold pieces
 27196 | Orc:1    | Bought a potion of curing for 39 gold pieces
 27196 | Orc:1    | Bought a potion of heal wounds for 65 gold pieces
 27196 | Orc:1    | Bought a potion of heal wounds for 65 gold pieces
 27196 | Orc:1    | Bought a potion of might for 52 gold pieces
 27266 | Orc:1    | Found Lysenurch's Assorted Antiques.
 27274 | Orc:1    | Bought a dented diamond amulet for 155 gold pieces
 27275 | Orc:1    | Bought a runed hat for 217 gold pieces
 27311 | Orc:1    | Reached skill level 5 in Throwing
 28132 | Orc:2    | Entered Level 2 of the Orcish Mines
 28193 | Orc:2    | Noticed an orc warlord
 28285 | Orc:2    | Noticed Saint Roka
 28547 | Orc:1    | Killed an orc warlord
 29358 | Orc:1    | Killed Saint Roka
 31710 | Orc:1    | Found Onosipn's Book Boutique.
 31719 | Orc:1    | Reached skill level 13 in Axes
 32082 | Orc:1    | Found Migian Xyut's Armour Emporium.
 32090 | Orc:1    | Bought a +1 pair of boots of flying for 214 gold pieces
 32197 | Orc:2    | Found a staircase to the Elven Halls.
 32411 | Orc:2    | Found Faifuc's General Store.
 32411 | Orc:2    | Found Ythrymof's Magic Scroll Shoppe.
 32413 | Orc:2    | Found Seocan's General Store.
 32415 | Orc:2    | Found Qael Vat's General Store.
 32420 | Orc:2    | Bought 2 potions of might for 120 gold pieces
 32422 | Orc:2    | Bought a scroll of teleportation for 36 gold pieces
 32422 | Orc:2    | Bought a scroll of fear for 48 gold pieces
 32423 | Orc:2    | Bought a scroll of fear for 48 gold pieces
 32423 | Orc:2    | Bought a scroll of identify for 24 gold pieces
 32423 | Orc:2    | Bought a scroll of teleportation for 36 gold pieces
 32423 | Orc:2    | Bought a scroll of teleportation for 36 gold pieces
 32423 | Orc:2    | Bought a scroll of teleportation for 36 gold pieces
 32425 | Orc:2    | Bought a scroll of fear for 52 gold pieces
 32425 | Orc:2    | Bought a scroll of blinking for 97 gold pieces
 32765 | Shoals:1 | Entered Level 1 of the Shoals
 32765 | Shoals:1 | Noticed Donald
 33019 | Lair:2   | Mangled by Donald

Illustrated notes

Levels and vault maps discovered:
D:1:      tarquinn_simple_flora_water_c, layout_basic,
          ebering_ecumenical_altar_box, corexii_leaking_fountain,
          serial_bayou_lagoon_b
D:2:      layout_basic
D:3:      layout_loops_cross, chequers_serial_rivers_large_a,
          serial_bayou_pond_e, uniq_sigmund
D:4:      minmay_opposing_rooms, layout_basic,
          mainiacjoe_overflow_six_doors_small, uniq_eustachio
D:5:      layout_loops_corners, pdpol_temple_overflow_zin_treasury_gozag_greed
D:6:      layout_basic, grunt_ministairs_9
D:7:      layout_cave_pools, lemuel_crystal_altar, lemuel_round_altar,
          kennysheep_mini, minmay_temple_entry_poolview, serial_shops, shop
D:8:      statuecave_lemuel, layout_basic
D:9:      layout_layer_cave, mainiacjoe_overflow_concentric_impassable,
          mainiacjoe_overflow_paths, erik_orc_4, enter_bailey_1, uniq_joseph
D:10:     layout_irregular_city, grunt_lair_entry_orc_guard_hut,
          minmay_misc_feat_cross, kennysheep_generic_room_11, uniq_maurice
Temple:   minmay_temple_curvy_branch
Lair:1:   layout_long_grid, gauntlet_entry_generic, serial_bayou_shore_b,
          grunt_megastairs_3, serial_bayou_shore_b
Lair:2:   layout_concentric_octagons, minmay_shoals_entry_centaurs,
          grunt_megastairs_2, infiniplex_staircase_pool
Lair:3:   layout_regular_city, guppyfry_snake_entry_garden
Lair:4:   layout_small_grid, slime_entry_2,
          portal_ice_cave_entry_animals_and_master, grunt_megastairs_1,
          uniq_josephine
Lair:5:   grunt_lair_end_beastmaster, layout_loops_ring, basic_altar
Shoals:1: layout_shoals, uniq_donald, uniq_mlioglotl
Orc:1:    layout_caves, serial_shops, nicolae_shop_statue_plus,
          nicolae_shop_stone, shop, nicolae_shop_hallway_stairs,
          elves_outpost_lemuel
Orc:2:    st_orc_rangers, layout_caves, uniq_saint_roka

Skill      XL: |  1  2  3  4  5  6  7  8  9 10 11 12 13 14 |
---------------+-------------------------------------------+-----
Throwing       | 2 4 5 |  5.0
Axes           | 3 4 5 6 7 8 10 11 12 13 | 13.0
Dodging        | 3 4 5 6 7 9 |  9.2
Fighting       | 3 4 5 6 7 9 10 11 12 | 12.0
Armour         | 1 3 4 5 7 9 10 11 | 11.0
Evocations     | 3 5 6 7 9 |  9.2
Shields        | 3 5 7 |  7.1

Action                     |  1- 3 |  4- 6 |  7- 9 | 10-12 | 13-15 || total
---------------------------+-------+-------+-------+-------+-------++-------
  Melee: War axe           |    91 |   102 |   327 |   737 |   924 ||  2181
         Punch             |     1 |     1 |     3 |     3 |    13 ||    21
         Touch             |       |       |    20 |   111 |   204 ||   335
  Throw: Dart              |       |    14 |    42 |    44 |    23 ||   123
         Throwing net      |       |     4 |     2 |     2 |       ||     8
         Javelin           |       |       |     1 |     2 |    18 ||    21
         Boomerang         |       |       |       |       |     3 ||     3
 Invoke: Call Merchant     |       |       |       |     1 |       ||     1
  Evoke: Wand              |       |       |     1 |    21 |    14 ||    36
         Lightning rod     |       |       |       |     7 |     3 ||    10
         Phantom mirror    |       |       |       |     1 |     3 ||     4
         Phial of floods   |       |       |       |     1 |     2 ||     3
    Use: Scroll            |       |       |    14 |    14 |    17 ||    45
         Potion            |       |       |     6 |     5 |     9 ||    20
   Stab: Sleeping          |     1 |     1 |       |       |       ||     2
         Distracted        |       |       |       |     4 |     7 ||    11
 Armour: Leather armour    |    28 |    31 |    34 |    77 |       ||   170
         Skin              |       |       |     4 |       |       ||     4
         Scale mail        |       |       |   114 |    22 |       ||   136
         Chain mail        |       |       |       |   253 |   659 ||   912
  Dodge: Dodged            |    66 |    85 |   234 |   352 |   482 ||  1219
  Block: Kite shield       |       |       |       |   159 |   138 ||   297

Table legend: (Time is in decaauts)
 A = Elapsed time spent in this place.
 B = Non-inter-level travel time spent in this place.
 C = Inter-level travel time spent in this place.
 D = Time resting spent in this place.
 E = Time spent auto-exploring this place.
 F = Levels seen in this place.
 G = Mean time per level.
                   A        B        C        D        E       F      G
               +--------+--------+--------+--------+--------+-----+--------+
         Total |  33196 |  32093 |   1103 |   9541 |  15426 |  22 | 1508.9 |
       Dungeon |  12315 |  11822 |    493 |   1331 |   8480 |  10 | 1231.5 |
        Temple |    251 |    247 |      4 |      0 |    243 |   1 |  251.0 |
          Lair |  10494 |  10114 |    380 |   2947 |   5151 |   5 | 2098.8 |
        Shoals |     31 |     31 |      0 |      0 |      0 |   1 |   31.0 |
  Orcish Mines |   5704 |   5479 |    225 |   3047 |    979 |   2 | 2852.0 |
        Bailey |    577 |    577 |      0 |     24 |    255 |   1 |  577.0 |
      Ice Cave |   2710 |   2710 |      0 |   1640 |    290 |   1 | 2710.0 |
      Gauntlet |   1111 |   1111 |      0 |    551 |     28 |   1 | 1111.0 |
               +--------+--------+--------+--------+--------+-----+--------+

Top non-repeatable levels by time:
   Orc:1: 4531 daAuts
  Lair:5: 3694 daAuts
   IceCv: 2710 daAuts
  Lair:1: 2084 daAuts
  Lair:2: 1797 daAuts
     D:9: 1655 daAuts
     D:5: 1634 daAuts
  Lair:4: 1567 daAuts
    D:10: 1524 daAuts
     D:8: 1451 daAuts
  Lair:3: 1351 daAuts
     D:4: 1230 daAuts
   Orc:2: 1173 daAuts
Gauntlet: 1111 daAuts
     D:1: 1073 daAuts
